General information
- name: BNet
- type: Ladder team game (AT/RT)
- host: Battle.net
- saver: TIMG4STRok
map: ScorchedBasin
- players: 4
- length: 13:23
- speed: Fast
- version: 1.21 W3XP
- replay type:

» download(87 KB)
Players
team 1 (loser)
MILITIA-CRAFT (
orange | 135 APM | 1801 actions | 13:21)
2 Blood Mage
1 Flame Strike
1 Siphon Mana
1 Mountain King
1 Storm Bolt
» actions
| Assign group hotkey | 32 | |
| Basic commands | 15 | |
| Build / train | 58 | |
| Enter build submenu | 30 | |
| Enter hero's abilities submenu | 3 | |
| Right click | 700 | |
| Select / deselect | 264 | |
| Select group hotkey | 651 | |
| Use ability | 48 | |
1801 total
» units
| Peasant | 16 | |
| Footman | 8 | |
| Rifleman | 7 | |
| Priest | 2 | |
| Sorceress | 1 | |
34 total
» upgrades
| Lumber Harvesting | 1 | |
| Masonry | 1 | |
2 total
» buildings
| Altar of Kings | 1 | |
| Barracks | 1 | |
| Farm | 8 | |
| Scout Tower | 4 | |
| Arcane Tower | 3 | |
| Keep | 2 | |
| Arcane Vault | 4 | |
| Blacksmith | 3 | |
| Lumber Mill | 1 | |
| Guard Tower | 8 | |
| Arcane Sanctum | 1 | |
36 total
» build order
00:07 Altar of Kings
00:28 Barracks
00:45 Farm
00:57 Farm
01:41 Scout Tower
01:54 Farm
02:14 Arcane Tower
02:14 Arcane Tower
02:14 Arcane Tower
03:11 Keep
03:11 Keep
03:50 Arcane Vault
04:02 Blacksmith
04:23 Scout Tower
04:25 Lumber Mill
04:28 Arcane Vault
04:38 Farm
05:12 Arcane Vault
05:24 Blacksmith
05:45 Guard Tower
05:45 Guard Tower
06:24 Farm
06:28 Farm
07:27 Scout Tower
07:47 Guard Tower
07:48 Guard Tower
07:48 Guard Tower
07:52 Scout Tower
08:16 Guard Tower
08:17 Guard Tower
08:17 Guard Tower
09:19 Blacksmith
09:50 Arcane Sanctum
10:49 Farm
10:49 Farm
11:39 Arcane Vault
TOWER-CRAFT (
teal | 84 APM | 1114 actions | 13:12)
3 Blademaster
2 Wind Walk
1 Critical Strike
» actions
| Assign group hotkey | 42 | |
| Basic commands | 9 | |
| Build / train | 61 | |
| Enter build submenu | 17 | |
| Enter hero's abilities submenu | 3 | |
| Right click | 466 | |
| Select / deselect | 231 | |
| Select group hotkey | 190 | |
| Use ability | 95 | |
1114 total
» units
» buildings
| Altar of Storms | 1 | |
| Orc Burrow | 5 | |
| Barracks | 1 | |
| Voodoo Lounge | 1 | |
| Great Hall | 1 | |
| Stronghold | 2 | |
| Beastiary | 3 | |
| War Mill | 1 | |
| Watch Tower | 2 | |
17 total
» build order
00:08 Altar of Storms
00:11 Orc Burrow
00:43 Barracks
01:35 Orc Burrow
01:57 Voodoo Lounge
03:32 Great Hall
04:17 Stronghold
04:49 Orc Burrow
06:44 Beastiary
07:03 Beastiary
07:45 Orc Burrow
09:54 War Mill
10:15 Orc Burrow
10:57 Beastiary
11:09 Watch Tower
11:27 Watch Tower
» items
| Healing Salve | 5 | |
| Scroll of Speed | 4 | |
| Lesser Clarity Potion | 4 | |
| Scroll of Regeneration | 1 | |
| Potion of Healing | 2 | |
| Potion of Mana | 3 | |
| Scroll of Town Portal | 1 | |
20 total
team 2 (winner)

»
iggy_the_fisk (
green | 117 APM | 1564 actions | 13:22)
3 Blademaster
2 Wind Walk
1 Critical Strike
3 Shadow Hunter
2 Hex
1 Healing Wave
» actions
| Assign group hotkey | 240 | |
| Basic commands | 7 | |
| Build / train | 52 | |
| Enter build submenu | 11 | |
| Enter hero's abilities submenu | 6 | |
| Remove unit from queue | 1 | |
| Right click | 828 | |
| Select / deselect | 214 | |
| Select group hotkey | 134 | |
| Use ability | 71 | |
1564 total
» units
| Peon | 7 | |
| Grunt | 6 | |
| Spirit Walker | 2 | |
| Raider | 5 | |
| Troll Batrider | 4 | |
| Demolisher | 2 | |
26 total
» upgrades
| Berserker Strength | 1 | |
| Ensnare | 1 | |
| Pillage | 1 | |
3 total
» buildings
| Altar of Storms | 1 | |
| Orc Burrow | 4 | |
| Barracks | 1 | |
| Voodoo Lounge | 1 | |
| Stronghold | 4 | |
| Beastiary | 1 | |
| Spirit Lodge | 1 | |
| War Mill | 1 | |
14 total
» build order
00:19 Altar of Storms
00:34 Orc Burrow
00:49 Barracks
01:47 Orc Burrow
02:06 Voodoo Lounge
03:05 Stronghold
03:05 Stronghold
03:05 Stronghold
04:35 Orc Burrow
05:29 Beastiary
05:33 Spirit Lodge
06:59 Orc Burrow
07:44 War Mill
» items
| Healing Salve | 5 | |
| Lesser Clarity Potion | 3 | |
8 total

»
TIMG4STRok (
red | 160 APM | 2136 actions | 13:23)
4 Demon Hunter
2 Mana Burn
2 Evasion
2 Keeper of the Grove
1 Entangling Roots
1 Thorns Aura
» actions
| Assign group hotkey | 20 | |
| Basic commands | 17 | |
| Build / train | 42 | |
| Enter build submenu | 11 | |
| Enter hero's abilities submenu | 6 | |
| Right click | 1023 | |
| Select / deselect | 143 | |
| Select group hotkey | 824 | |
| Use ability | 50 | |
2136 total
» units
| Wisp | 11 | |
| Huntress | 4 | |
| Dryad | 6 | |
| Glaive Thrower | 2 | |
23 total
» upgrades
| Abolish Magic | 1 | |
| Ultravision | 1 | |
2 total
» buildings
| Altar of Elders | 1 | |
| Moon Well | 5 | |
| Hunter's Hall | 1 | |
| Ancient of War | 1 | |
| Tree of Ages | 2 | |
| Ancient of Lore | 2 | |
| Ancient of Wonders | 1 | |
| Tree of Eternity | 1 | |
14 total
» build order
00:04 Altar of Elders
00:06 Moon Well
01:24 Hunter's Hall
01:45 Ancient of War
02:00 Moon Well
03:02 Tree of Ages
03:02 Tree of Ages
04:31 Moon Well
05:36 Ancient of Lore
05:36 Ancient of Lore
05:41 Ancient of Wonders
07:55 Moon Well
10:14 Moon Well
10:16 Tree of Eternity
» items
| Scroll of Town Portal | 2 | |
| Staff of Preservation | 1 | |
| Potion of Healing | 1 | |
| Healing Salve | 1 | |
5 total
Chat log
(01:26 / All) TOWER-CRAFT: IGGY_THE_FISK
(01:29 / All) TOWER-CRAFT: IM A HUGE FAN